 Dungeon Crawl Stone Soup version 0.22-a0-284-g99d1f74 (webtiles) character file.

122642 galech the Severer (level 16, -14/151 (152) HPs)
             Began as a Minotaur Fighter on Mar 21, 2018.
             Was the Champion of Okawaru.
             Killed from afar by a frost giant (23 damage)
             ... with a bolt of cold
             ... on level 1 of the Depths.
             The game lasted 01:05:17 (27178 turns).

galech the Severer (Minotaur Fighter)              Turns: 27178, Time: 01:05:18

HP:   -14/151 (152) AC: 29    Str: 21    XL:     16   Next: 35%
MP:   17/17         EV:  9    Int:  5    God:    Okawaru [******]
Gold: 2003          SH: 17    Dex: 17    Spells: 15/15 levels left

rFire    + . .     SeeInvis +   N - +6 broad axe (chop)
rCold    . . .     Gourm    .   s - +2 shield {reflect}
rNeg     . . .     Faith    +   a - +1 plate armour {rF+}
rPois    .         Spirit   .   S - +2 hat {MR+}
rElec    .         Reflect  +   J - +0 cloak of Befoyne {SInv Stlth+}
rCorr    .         Harm     .   b - +0 pair of gloves
MR       +++..                  c - +1 pair of boots {Stlth+}
Stlth    ..........             Q - amulet of faith
HPRegen  0.35/turn              Y - ring of protection from magic
MPRegen  0.15/turn              R - +3 ring of protection

@: no status effects
A: retaliatory headbutt, horns 2, shaggy fur 1, wild magic 1
a: Heroism, Finesse, Renounce Religion


You were on level 1 of the Depths.
You worshipped Okawaru.
Okawaru was exalted by your worship.
You were hungry.

You visited 5 branches of the dungeon, and saw 25 of its levels.
You also visited: Labyrinth and Ossuary.

You collected 2290 gold pieces.
You spent 287 gold pieces at shops.

Inventory:

Hand Weapons
 m - the +1 war axe of Timiki {drain, rElec Int+4}
   (Okawaru gifted it to you on level 6 of the Lair of Beasts)

   A truly terrible weapon, it drains the life of those it strikes.
   It affects your intelligence (+4).
   It insulates you from electricity.
 D - a +2 battleaxe of electrocution
 L - a +2 war axe of electrocution
 N - a +6 broad axe of chopping (weapon)
 X - a +3 broad axe of freezing
Armour
 a - a +1 plate armour of fire resistance (worn)
 b - a +0 pair of gloves (worn)
 c - a +1 pair of boots of stealth (worn)
 s - a +2 shield of reflection (worn)
 F - a +1 plate armour of positive energy
 G - a +2 robe of magic resistance
 J - the +0 cloak of Befoyne (worn) {SInv Stlth+}
   (You found it on level 9 of the Dungeon)

   It lets you see invisible.
   It makes you more stealthy.
 P - a +3 ring mail of cold resistance
 S - a +2 hat of magic resistance (worn)
 W - a +3 scale mail of poison resistance
Jewellery
 t - an uncursed ring of protection from cold
 B - an uncursed ring of positive energy
 O - an uncursed ring of protection from cold
 Q - an amulet of faith (around neck)
 R - a +3 ring of protection (right hand)
 U - an uncursed ring of resist corrosion
 V - an uncursed amulet of guardian spirit {unknown}
 Y - a ring of protection from magic (left hand)
 Z - an uncursed ring of protection from fire
Wands
 q - a wand of digging (12)
Scrolls
 g - 3 scrolls of blinking
 l - 4 scrolls of amnesia
 n - 14 scrolls of remove curse
 o - 6 scrolls of teleportation
 p - 5 scrolls of magic mapping
 v - 5 scrolls of enchant armour
 x - a scroll of holy word
 y - 2 scrolls of fear
 K - a scroll of fog
Potions
 d - 3 potions of might
 e - a potion of resistance
 h - 5 potions of haste
 i - 4 potions of heal wounds
 j - 8 potions of curing
 k - 2 potions of agility
 r - 4 potions of flight
 w - 2 potions of magic
 z - a potion of brilliance
 A - 3 potions of cancellation
 C - 3 potions of ambrosia
 I - 2 potions of berserk rage
 M - a potion of invisibility
Comestibles
 f - 31 rations


   Skills:
 + Level 16.4 Fighting
 + Level 20.1 Axes
 + Level 14.2 Armour
 + Level 4.2 Dodging
 + Level 2.6 Stealth
 + Level 16.1 Shields
 + Level 3.1 Invocations


You had 15 spell levels left.
You didn't know any spells.

Dungeon Overview and Level Annotations

Branches:
Dungeon (15/15)            Temple (1/1) D:5            Lair (6/6) D:11
  Swamp (0/4) Lair:4       Spider (0/4) Lair:4        Slime (0/5) Lair:6
    Orc (2/2) D:11            Elf (0/3) Orc:2        Vaults (0/5) D:14
 Depths (1/5) D:15

Altars:
Ashenzari
Cheibriados
Dithmenos
Elyvilon
Fedhas
Gozag
Hepliaklqana
Kikubaaqudgha
Makhleb
Nemelex Xobeh
Okawaru
Qazlal
Ru
Sif Muna
Trog
Uskayaw
Vehumet
Wu Jian
Xom
Yredelemnul
Zin
The Shining One
Beogh

Shops:
D:9 (   D:11 ((}**   D:15 %   Orc:2 [[}(

Portals:
Hell: Depths:1
Ziggurat: Depths:1


Innate Abilities, Weirdness & Mutations

You reflexively headbutt those who attack you in melee.
You have a pair of horns on your head.
You are covered in fur. (AC +1)
Your spells are a little harder to cast, but a little more powerful.


Message History

You barely miss the frost giant.
You headbutt the frost giant, but do no damage.
The frost giant is heavily wounded.
You slash the frost giant! Your headbutt misses the frost giant.
The frost giant is heavily wounded.
The frost giant gestures at you while chanting.
The bolt of cold hits you!
* * * LOW HITPOINT WARNING * * *
You hit the frost giant.
The frost giant is heavily wounded.
You feel like a meek peon again.
You slice the frost giant!!
The frost giant is almost dead.
The frost giant completely misses you.
You slash the frost giant!
You headbutt the frost giant, but do no damage.
The frost giant is almost dead.
The frost giant casts a spell at you. The bolt of cold hits you!
You die...

#....###...#...........
#......#...#.....##.#..
#..#.#(##.#....##...#..
#..#.#(# .#..##......#.
....#.#.# ..
#...##.#.#[ ##.. #.#.##
...# #.#.Q# #.##.
#.#..# .. #.#..# .∩.#
#.#÷.## # #....u
##..#.#@.[#.# #####u
#.....C)[...# #......
..#.#.#[..### .......
#.....# ....(.. #.#...#
....... #.#...##
....... # #....#
....#.. #.#..###
....#.. ##.#.#....#
....#.


You could see a frost giant.

Vanquished Creatures
  Gastronok (Lair:2)
  Donald (Orc:2)
  A tengu reaver (Depths:1)
  An orc warlord (Orc:2)
  4 very ugly things (Depths:1)
  4 stone giants (Depths:1)
  The ghost of Amnesiac the Sorcerer, a journeyman DEWz of Sif Muna (D:13)
  A minotaur (Lab)
  An ettin (Depths:1)
  An ice dragon (Depths:1)
  An ogre mage (D:15)
  A hell beast (Depths:1)
  11 hydras
  5 centaur warriors
  4 two-headed ogres
  A tengu warrior (Depths:1)
  A deep troll earth mage (Depths:1)
  17 death yaks
  A vampire mage (Depths:1)
  9 orc high priests (Orc:2)
  Sonja (D:13)
  6 hell knights (Depths:1)
  2 unseen horrors
  4 deep trolls (Depths:1)
  2 wizards (D:15)
  2 orc knights
  A lindwurm (Lair:6)
  A necromancer (Depths:1)
  An oklob plant (Lair:2)
  2 orc sorcerers
  2 deep elf magi (D:15)
  5 slime creatures
  6 ugly things
  2 cyclopes (D:15)
  12 elephants
  A rust devil (Depths:1)
  3 black mambas
  5 centaur skeletons
  A kobold demonologist (D:15)
  A gargoyle (D:12)
  5 yaktaurs (Depths:1)
  32 spiny frogs
  An efreet (D:14)
  2 freezing wraiths
  4 komodo dragons
  3 tengu conjurers
  A red devil (Depths:1)
  2 polar bears (Lair:6)
  4 tyrant leeches (Lair:6)
  5 trolls
  2 hornets
  21 blink frogs
  11 hippogriffs
  A raiju (shapeshifter) (D:14)
  A spriggan (D:14)
  A wyvern (Lair:5)
  A water elemental (Depths:1)
  2 shadows (Lab)
  2 vampires
  2 redbacks (Lair:4)
  47 yaks
  2 fire bats (Lair:4)
  2 hungry ghosts
  4 basilisks
  14 vampire mosquitoes
  7 wargs (Orc:2)
  2 acid dragons
  2 soldier ants (D:15)
  4 water moccasins
  15 orc warriors
  6 porcupines
  A black bear (Lair:3)
  A phantom (D:12)
  3 sky beasts
  2 ice beasts
  4 necrophages
  4 wolves (Lair:2)
  11 ogres
  12 crocodiles
  23 centaurs
  3 big kobolds
  2 elf zombies (Ossuary)
  28 bullfrogs
  A wyvern zombie (D:7)
  6 scorpions
  6 killer bees (D:9)
  9 wights
  2 howler monkeys
  4 electric eels
  7 crimson imps
  6 centaur zombies
  Crazy Yiuf (D:2)
  A bullfrog zombie (D:12)
  2 human zombies (Ossuary)
  31 orc wizards
  2 bullfrog skeletons
  3 hounds
  5 jellies
  A gnoll shaman (D:9)
  32 orc priests
  Jessica (D:6)
  8 iguanas
  9 worker ants
  2 mummies (Ossuary)
  4 worker ant zombies
  19 adders
  4 gnolls (D:9)
  3 river rats (D:11)
  6 shadow imps
  2 oozes
  An adder skeleton (D:10)
  4 worms
  A dart slug (D:4)
  A leopard gecko (D:3)
  109 orcs
  8 bats
  5 giant cockroaches
  4 goblins
  5 hobgoblins
  10 jackals
  21 kobolds
  7 quokkas
  A ball python (D:3)
  2 frilled lizards
  2 goblin zombies (Ossuary)
  12 hobgoblin zombies (Ossuary)
  2 jackal zombies
  8 kobold zombies (Ossuary)
  6 orc zombies (Ossuary)
  11 rats
  A rat zombie (Ossuary)
  10 fungi
  9 plants
846 creatures vanquished.

Vanquished Creatures (others)
  Nessos (D:14)
  A centaur warrior (D:15)
  A yaktaur (Depths:1)
  A centaur (D:13)
  A jelly (D:13)
  13 fungi
  50 plants
68 creatures vanquished.

Grand Total: 914 creatures vanquished

Notes
Turn   | Place    | Note
-------+----------+-------------------------------------------
     0 | D:1      | galech the Minotaur Fighter began the quest for the Orb.
     0 | D:1      | Reached XP level 1. HP: 19/19 MP: 0/0
    69 | D:1      | Reached XP level 2. HP: 27/27 MP: 1/1
   438 | D:2      | Noticed a howler monkey
   442 | D:2      | Killed a howler monkey
   442 | D:2      | Reached skill level 3 in Axes
   442 | D:2      | Reached skill level 1 in Dodging
   442 | D:2      | Reached XP level 3. HP: 33/33 MP: 2/2
   461 | D:2      | Reached XP level 4. HP: 32/40 MP: 3/3
  1029 | D:2      | Found a runed door.
  1033 | D:2      | Noticed Crazy Yiuf
  1038 | D:2      | Killed Crazy Yiuf
  1038 | D:2      | Reached skill level 4 in Axes
  1038 | D:2      | Reached XP level 5. HP: 47/47 MP: 4/4
  1180 | D:3      | Found an ancient bone altar of Kikubaaqudgha.
  1184 | D:3      | Reached skill level 5 in Shields
  1867 | D:4      | Reached skill level 5 in Fighting
  1867 | D:4      | Reached XP level 6. HP: 56/56 MP: 5/5
  1975 | D:4      | Reached skill level 5 in Axes
  1981 | D:4      | Reached skill level 5 in Armour
  2480 | D:5      | Entered Level 5 of the Dungeon
  2680 | D:5      | Reached XP level 7. HP: 47/61 MP: 6/6
  2963 | D:5      | Found a staircase to the Ecumenical Temple.
  2991 | Temple   | Entered the Ecumenical Temple
  3065 | Temple   | Became a worshipper of Warmaster Okawaru
  3635 | D:6      | Reached skill level 6 in Axes
  3738 | D:6      | Found a sparkling altar of Nemelex Xobeh.
  3770 | D:6      | Reached * piety under Okawaru
  3770 | D:6      | Reached skill level 7 in Axes
  3770 | D:6      | Reached XP level 8. HP: 55/69 MP: 7/7
  4069 | D:6      | Noticed Jessica
  4075 | D:6      | Found a deep blue altar of Sif Muna.
  4092 | D:6      | Killed Jessica
  4161 | D:7      | Reached skill level 8 in Axes
  4222 | D:7      | Reached ** piety under Okawaru
  4630 | D:7      | Reached skill level 9 in Axes
  4981 | D:7      | Reached XP level 9. HP: 72/77 MP: 8/8
  5795 | D:8      | Found a sand-covered staircase.
  5800 | Ossuary  | Entered an ossuary
  5986 | Ossuary  | Reached skill level 10 in Axes
  6235 | D:8      | Reached *** piety under Okawaru
  6427 | D:9      | Found a burning altar of Makhleb.
  6428 | D:9      | Found a stormy altar of Qazlal.
  6428 | D:9      | Found a basalt altar of Yredelemnul.
  6430 | D:9      | Found a shadowy altar of Dithmenos.
  6430 | D:9      | Found an ornate altar of the Wu Jian Council.
  6432 | D:9      | Found a bloodstained altar of Trog.
  6433 | D:9      | Found a white marble altar of Elyvilon.
  6497 | D:9      | Reached skill level 11 in Axes
  6824 | D:9      | Got a warped cloak
  6835 | D:9      | Identified the +0 cloak of Befoyne {SInv Stlth+} (You found it on level 9 of the Dungeon)
  6975 | D:9      | Reached XP level 10. HP: 78/87 MP: 9/9
  7024 | D:9      | Found Gotiudwomiu's Weapon Emporium.
  7035 | D:9      | Bought a +1 broad axe of chopping for 182 gold pieces
  7162 | D:10     | Entered Level 10 of the Dungeon
  7296 | D:10     | Reached **** piety under Okawaru
  7342 | D:10     | Reached skill level 12 in Axes
  7822 | D:11     | Noticed a cyan ugly thing
  7831 | D:11     | Killed a cyan ugly thing
  7833 | D:11     | Reached skill level 1 in Stealth
  7836 | D:11     | Reached ***** piety under Okawaru
  7972 | D:11     | Found Qonli's General Store.
  7982 | D:11     | Reached skill level 13 in Axes
  7990 | D:11     | Found a labyrinth entrance.
  7993 | D:11     | Found Gecuikigg's Gadget Shoppe.
  8013 | Lab      | Entered a labyrinth
  8583 | Lab      | Received a gift from Okawaru
  8880 | Lab      | Noticed a minotaur
  8898 | Lab      | Killed a minotaur
  8898 | Lab      | Reached XP level 11. HP: 14/96 MP: 6/10
  9060 | Lab      | Identified the Volume of Ashen Bewitchment
  9064 | Lab      | Got a brightly glowing ring mail
  9193 | Lab      | Identified the cursed +0 ring mail "Ruus" {*Drain +Inv Regen+ Str+5} (You found it in a labyrinth)
  9536 | D:11     | Found Higicys's Weapon Emporium.
  9617 | D:11     | Found a staircase to the Orcish Mines.
  9630 | D:11     | Found a roughly hewn altar of Beogh.
  9785 | D:11     | Found a staircase to the Lair.
  9786 | D:11     | Noticed a death yak
  9786 | D:11     | Noticed a death yak
  9786 | D:11     | Noticed a death yak
  9804 | D:11     | Found Qemiddu's General Store.
  9810 | D:11     | Killed a death yak
  9820 | D:11     | Killed a death yak
  9837 | D:10     | Killed a death yak
  9837 | D:10     | Received a gift from Okawaru
  9837 | D:10     | Reached skill level 10 in Fighting
 10114 | D:11     | Bought a scroll of teleportation for 45 gold pieces
 10114 | D:11     | Bought a scroll of identify for 30 gold pieces
 10114 | D:11     | Bought a scroll of identify for 30 gold pieces
 10130 | D:11     | Found a shimmering altar of Xom.
 10348 | D:11     | Noticed an unseen horror
 10358 | D:11     | Killed an unseen horror
 10358 | D:11     | Reached skill level 14 in Axes
 10358 | D:11     | Reached skill level 10 in Shields
 10374 | D:11     | Found Ginetuebb's Weapon Shop.
 10379 | D:11     | Reached skill level 10 in Armour
 10600 | Orc:1    | Entered Level 1 of the Orcish Mines
 10606 | Orc:1    | Found a roughly hewn altar of Beogh.
 10671 | Orc:1    | Noticed an orc sorcerer
 10673 | Orc:1    | Paralysed by an orc sorcerer for 2 turns
 10691 | Orc:1    | Noticed an orc knight
 10692 | Orc:1    | Killed an orc sorcerer
 11038 | Orc:1    | Killed an orc knight
 11513 | Orc:2    | Entered Level 2 of the Orcish Mines
 11607 | Orc:2    | Noticed an orc warlord
 11630 | Orc:2    | Killed an orc warlord
 11630 | Orc:2    | Reached skill level 15 in Axes
 11630 | Orc:2    | Reached XP level 12. HP: 30/106 MP: 9/11
 12004 | Orc:2    | Received a gift from Okawaru
 12108 | Orc:2    | Noticed an orc high priest
 12124 | Orc:2    | Killed an orc high priest
 12133 | Orc:2    | Noticed an orc high priest
 12134 | Orc:2    | Noticed an orc high priest
 12141 | Orc:2    | Noticed an orc high priest
 12141 | Orc:2    | Noticed an orc high priest
 12505 | Orc:2    | Noticed Donald
 12802 | Orc:2    | Paralysed by an orc sorcerer for 5 turns
 12809 | Orc:2    | Received a gift from Okawaru
 12873 | Orc:2    | Found a staircase to the Elven Halls.
 12929 | Orc:2    | Killed Donald
 12929 | Orc:2    | Reached skill level 1 in Invocations
 13133 | Orc:2    | Noticed an orc high priest
 13140 | Orc:2    | Killed an orc high priest
 13157 | Orc:2    | Noticed an orc high priest
 13178 | Orc:2    | Killed an orc high priest
 13258 | Orc:2    | Noticed an orc high priest
 13590 | Orc:2    | Killed an orc high priest
 13590 | Orc:2    | Reached skill level 16 in Axes
 13591 | Orc:2    | Noticed an orc high priest
 13599 | Orc:2    | Killed an orc high priest
 13675 | Orc:2    | Killed an orc high priest
 13804 | Orc:2    | Killed an orc high priest
 13852 | Orc:2    | Killed an orc high priest
 13862 | Orc:2    | Killed an orc high priest
 14030 | Orc:2    | Found Ene Taej's Antique Weapon Shop.
 14030 | Orc:2    | Found Doisuug's Gadget Emporium.
 14198 | Orc:2    | Found a roughly hewn altar of Beogh.
 14206 | Orc:2    | Found Xazoedil's Antique Armour Emporium.
 14206 | Orc:2    | Found Dopnihics's Armour Shop.
 14538 | Lair:1   | Entered Level 1 of the Lair of Beasts
 14598 | Lair:1   | Received a gift from Okawaru
 14773 | Lair:1   | Reached XP level 13. HP: 102/116 MP: 13/13
 15649 | Lair:2   | Reached skill level 17 in Axes
 15693 | Lair:2   | Noticed Gastronok
 15710 | Lair:2   | Killed Gastronok
 15710 | Lair:2   | Reached ****** piety under Okawaru
 17545 | Lair:4   | Found a hole to the Spider Nest.
 17588 | Lair:4   | Received a gift from Okawaru
 17654 | Lair:4   | Found a staircase to the Swamp.
 18332 | Lair:5   | Reached skill level 18 in Axes
 18453 | Lair:5   | Reached XP level 14. HP: 128/128 MP: 14/14
 18465 | Lair:5   | Received a gift from Okawaru
 18706 | Lair:5   | Gained mutation: You are covered in fur. (AC +1) [potion of mutation]
 18706 | Lair:5   | Gained mutation: Your spells are a little harder to cast, but a little more powerful. [potion of mutation]
 19608 | Lair:6   | Entered Level 6 of the Lair of Beasts
 19616 | Lair:6   | Received a gift from Okawaru
 19619 | Lair:6   | Got a warped war axe {god gift}
 19637 | Lair:5   | Identified the +1 war axe of Timiki {drain, rElec Int+4} (Okawaru gifted it to you on level 6 of the Lair of Beasts)
 20211 | Lair:6   | Found a staircase to the Slime Pits.
 20279 | Lair:6   | Received a gift from Okawaru
 20732 | Lair:6   | Reached skill level 19 in Axes
 21056 | Lair:6   | Reached XP level 15. HP: 122/138 MP: 16/16
 21168 | Lair:6   | Received a gift from Okawaru
 22331 | D:13     | Noticed Amnesiac's ghost (journeyman DEWz)
 22711 | D:13     | Killed Amnesiac's ghost
 22711 | D:13     | Received a gift from Okawaru
 22811 | D:13     | Noticed Sonja
 22818 | D:13     | Killed Sonja
 23323 | D:14     | Found a blossoming altar of Fedhas.
 23475 | D:14     | Reached skill level 15 in Fighting
 23592 | D:14     | Found a gate to the Vaults.
 24491 | D:14     | Noticed Nessos
 24496 | D:14     | Killed Nessos
 24574 | D:15     | Entered Level 15 of the Dungeon
 24726 | D:15     | Reached skill level 15 in Shields
 24736 | D:15     | Received a gift from Okawaru
 25024 | D:15     | Found Myaxkeck's Food Shop.
 25757 | D:15     | Found a staircase to the Depths.
 25943 | Depths:1 | Entered Level 1 of the Depths
 26063 | Depths:1 | Received a gift from Okawaru
 26435 | Depths:1 | Reached XP level 16. HP: 124/149 MP: 17/17
 26483 | Depths:1 | Reached skill level 20 in Axes
 26827 | Depths:1 | Found a gateway to Hell.
 26838 | Depths:1 | Received a gift from Okawaru
 26859 | Depths:1 | Found a gateway to a ziggurat.
 27178 | Depths:1 | Killed from afar by a frost giant

Vault maps used:
D:1:      evilmike_arrival_run_for_it
D:2:      uniq_crazy_yiuf_cottage
D:3:      kiku_gazebo_garden_becter, first_ration, st_stairs_12
D:5:      minmay_temple_entry_hall
D:6:      nemelex_altar_shiori, tgw_sif
D:7:      minmay_misc_feat_diagonals
D:8:      enter_ossuary_5
D:9:      grunt_temple_overflow_open, serial_shops, shop
D:11:     dpeg_lair_monsters, minmay_orc_entry_temple_small, lab_entry_generic,
          basic_altar, serial_shops, nicolae_shop_behind_doors,
          nicolae_shop_crystal, shop, shop, shop
D:13:     uniq_sonja
D:14:     david_vaults_1, fedhas_altar_1, the_bakery, lemuel_nasty_fountain,
          uniq_nessos
D:15:     grunt_enter_depths_magical_seal, hangedman_decor_opposing,
          serial_shops, shop
Temple:   hc_temple_tempest_star
Lair:2:   minmay_lair_venomous_thicket, infiniplex_staircase_pool_2,
          minmay_lair_oklob_chamber, grunt_megastairs_1, uniq_gastronok
Lair:4:   minmay_swamp_entry_swarm, spider_nest_entry_webs, lemuel_fruit_fields
Lair:5:   beast_lair_carwin_large_1, lemuel_fruit_fields
Lair:6:   minmay_lair_end_frog_pond, slime_dummy, serial_bayou_pond_e,
          infiniplex_staircase_pool
Orc:1:    basic_altar
Orc:2:    st_orc_town, minmay_orc_barracks, uniq_donald
Depths:1: enter_ziggurat_c, serial_sigils, serial_sigils_hangedman_shear,
          serial_sigils_hangedman_writhe, serial_sigils_hangedman_gut,
          serial_sigils_hangedman_gnaw, serial_sigils_hangedman_carve,
          abyss_entry, grunt_mini_vestibule, pan_entry,
          hangedman_abyss_or_decor_stagger, lightli_minifort
Lab:      labyrinth_hidden_loot, nicolae_lab_hexagon
Ossuary:  ossuary_tomb_1

Skill      XL: |  1  2  3  4  5  6  7  8  9 10 11 12 13 14 15 16 |
---------------+-------------------------------------------------+-----
Armour         | 4 5 6 7 9 10 11 12 13 14 | 14.2
Fighting       | 4 5 6 8 9 10 11 13 14 15 16 | 16.4
Axes           | 3 4 5 7 9 11 13 15 16 18 19 20 | 20.1
Dodging        | 1 2 3 4 |  4.2
Shields        | 4 5 6 7 8 9 10 11 12 14 15 16 | 16.1
Stealth        | 1 2 |  2.6
Invocations    | 1 2 3 |  3.1

Action                   |  1- 3 |  4- 6 |  7- 9 | 10-12 | 13-15 | 16-18 || total
-------------------------+-------+-------+-------+-------+-------+-------++-------
Melee: War axe           |    43 |   156 |   455 |     6 |       |       ||   660
       Headbutt          |     6 |    26 |   105 |   119 |   297 |    43 ||   596
       Broad axe         |       |       |       |   561 |  1087 |   120 ||  1768
Invok: Heroism           |       |       |     1 |     8 |    14 |     1 ||    24
       Finesse           |       |       |       |     1 |     4 |       ||     5
Evoke: Wand              |       |       |       |       |     1 |       ||     1
  Use: Scroll            |       |       |       |    23 |    15 |     1 ||    39
       Potion            |       |       |       |       |     1 |       ||     1
  Eat: Chunk             |       |     5 |     9 |    21 |    32 |     2 ||    69
       Ration            |       |       |     2 |     1 |     2 |       ||     5
Armor: Scale mail        |    25 |    90 |    16 |       |       |       ||   131
       Plate armour      |       |       |   185 |   166 |   483 |    43 ||   877
Dodge: Dodged            |    12 |    71 |   120 |   122 |   256 |    37 ||   618
Block: Shield            |    26 |   111 |   239 |   285 |   725 |    77 ||  1463
       Reflection        |       |       |       |       |    48 |     3 ||    51

Table legend:
 A = Spawn XP
 B = Non-spawn XP
 C = Spawn XP percentage of total XP
 D = Spawn monster count
 E = Non-spawn monster count
 F = Spawn count percentage of total count
 G = Total turns spent on level
                    A         B        C        D         E        F      G
               +---------+---------+-------+---------+---------+-------+---------
         Total |       0 |  175204 |   0.0 |       0 |     832 |   0.0 | 27178
               +---------+---------+-------+---------+---------+-------+---------
           D:1 |       0 |      32 |   0.0 |       0 |      14 |   0.0 |   416
           D:2 |       0 |     208 |   0.0 |       0 |      23 |   0.0 |   676
           D:3 |       0 |      93 |   0.0 |       0 |      31 |   0.0 |   726
           D:4 |       0 |     316 |   0.0 |       0 |      12 |   0.0 |   662
           D:5 |       0 |     359 |   0.0 |       0 |      15 |   0.0 |  1048
           D:6 |       0 |     870 |   0.0 |       0 |      26 |   0.0 |   825
           D:7 |       0 |    1150 |   0.0 |       0 |      37 |   0.0 |   971
           D:8 |       0 |     714 |   0.0 |       0 |      22 |   0.0 |   695
           D:9 |       0 |    1697 |   0.0 |       0 |      29 |   0.0 |   789
          D:10 |       0 |    2776 |   0.0 |       0 |      22 |   0.0 |   867
          D:11 |       0 |    6356 |   0.0 |       0 |      50 |   0.0 |  1566
          D:12 |       0 |    3321 |   0.0 |       0 |      24 |   0.0 |  1116
          D:13 |       0 |   11125 |   0.0 |       0 |      45 |   0.0 |   736
          D:14 |       0 |    7404 |   0.0 |       0 |      25 |   0.0 |  1330
          D:15 |       0 |   14576 |   0.0 |       0 |      37 |   0.0 |  1369
        Lair:1 |       0 |    5205 |   0.0 |       0 |      19 |   0.0 |  1128
        Lair:2 |       0 |    8956 |   0.0 |       0 |      39 |   0.0 |   853
        Lair:3 |       0 |    1124 |   0.0 |       0 |       7 |   0.0 |   745
        Lair:4 |       0 |    6562 |   0.0 |       0 |      24 |   0.0 |   807
        Lair:5 |       0 |   21138 |   0.0 |       0 |      45 |   0.0 |  1924
        Lair:6 |       0 |   26841 |   0.0 |       0 |      81 |   0.0 |  1574
         Orc:1 |       0 |    2627 |   0.0 |       0 |      23 |   0.0 |  1425
         Orc:2 |       0 |   15874 |   0.0 |       0 |      97 |   0.0 |  2160
      Depths:1 |       0 |   33727 |   0.0 |       0 |      44 |   0.0 |  1235
           Lab |       0 |    1708 |   0.0 |       0 |       3 |   0.0 |  1181
       Ossuary |       0 |     445 |   0.0 |       0 |      38 |   0.0 |   264
               +---------+---------+-------+---------+---------+-------+---------
